 Dungeon Crawl Stone Soup version 0.24.0-13-gcf9b319 (webtiles) character file.

Game seed: 14587012288796968876, levelgen mode: deterministic

205 Bronimir the Firebug (level 5, -2/48 HPs)
             Began as an Ogre Fire Elementalist on Mar 28, 2020.
             Was an Initiate of Okawaru.
             Slain by an ogre
             ... wielding a +0 giant club
              (30 damage)
             ... on level 4 of the Dungeon.
             The game lasted 00:06:52 (3972 turns).

Bronimir the Firebug (Ogre Fire Elementalist)       Turns: 3972, Time: 00:06:53

Health: -2/48      AC:  4    Str: 13    XL:     5   Next: 83%
Magic:  18/19      EV: 10    Int: 16    God:    Okawaru [......]
Gold:   146        SH:  0    Dex:  9    Spells: 1/11 levels left

rFire    . . .     SeeInvis .   a - +4 quarterstaff (chaos)
rCold    . . .     Gourm    .   (shield currently unavailable)
rNeg     . . .     Faith    .   s - +0 animal skin
rPois    .         Spirit   .   (helmet restricted)
rElec    .         Reflect  .   v - +0 cloak
rCorr    .         Harm     .   (gloves unavailable)
MR       .....                  (boots unavailable)
Stlth    +.........             (no amulet)
HPRegen  0.16/turn              e - ring of magical power
MPRegen  0.16/turn              (no ring)

@: no status effects
A: large, unfitting armour, tough skin 1
a: Renounce Religion


You were on level 4 of the Dungeon.
You worshipped Okawaru.
Okawaru was noncommittal.
You were not hungry.

You visited 2 branches of the dungeon, and saw 5 of its levels.

You collected 146 gold pieces.

Inventory:

Hand Weapons
 a - a +4 quarterstaff of chaos (weapon)
 f - a +0 hunting sling
 o - a +1 spear of pain
 t - a +0 war axe
 x - a +0 flail of protection
Missiles
 d - 62 bolts
 k - 78 stones (quivered)
 n - 18 arrows
 r - 31 sling bullets
Armour
 s - a +0 animal skin (worn)
 v - a +0 cloak (worn)
Jewellery
 e - a ring of magical power (left hand)
 w - a +5 ring of intelligence {unknown}
Scrolls
 b - 7 scrolls of identify {unknown}
 g - 2 scrolls of remove curse {unknown}
 i - a scroll of fear {unknown}
 l - a scroll of enchant armour {unknown}
 p - 3 scrolls of fog {unknown}
 q - a scroll of magic mapping {unknown}
Potions
 h - a potion of flight {unknown}
 j - a potion of ambrosia {unknown}
 m - a potion of might {unknown}
 u - a potion of invisibility {unknown}
 z - a potion of magic {unknown}
Comestibles
 c - 6 rations


   Skills:
 + Level 1.2 Fighting
 + Level 1.3 Polearms
 + Level 0.1(0.7) Staves
 + Level 2.2 Dodging
 - Level 1.4 Stealth
 * Level 3.8 Spellcasting
 * Level 2.1 Conjurations
 * Level 3.9 Fire Magic


You had one spell level left.
You knew the following spells:

 Your Spells              Type           Power        Failure   Level  Hunger
a - Flame Tongue          Conj/Fire      ##...        4%          1    None
b - Throw Flame           Conj/Fire      ##....       8%          2    ##.....
c - Conjure Flame         Conj/Fire      ##......     14%         3    ###....
d - Sticky Flame          Conj/Fire      ##......     43%         4    ####...

Your spell library contained the following spells:

 Spells                   Type           Power        Failure   Level  Hunger
 Inner Flame              Hex/Fire       #.......     22%         3    ###....
 Fireball                 Conj/Fire      ##........   80%         5    ######.


Dungeon Overview and Level Annotations

Branches:
Dungeon (4/15)             Temple (1/1) D:4

Altars:
Ashenzari
Cheibriados
Dithmenos
Elyvilon
Fedhas
Gozag
Hepliaklqana
Kikubaaqudgha
Makhleb
Nemelex Xobeh
Okawaru
Qazlal
Ru
Sif Muna
Trog
Uskayaw
Vehumet
Wu Jian
Xom
Yredelemnul
Zin


Innate Abilities, Weirdness & Mutations

You are too large for most types of armour.
You have tough skin. (AC +1)


Message History

No target in view!
No target in view!
An ogre comes into view. It is wielding a +0 giant club.
The ogre shouts!
An ogre is nearby!
You hit the ogre. You freeze the ogre.
The ogre is lightly wounded.
The ogre hits you with a +0 giant club!
Casting: Flame Tongue (safe; 4% risk of failure)
Confirm with . or Enter, or press ? or * to list all spells.
Okay, then.
Casting: Flame Tongue (safe; 4% risk of failure)
Confirm with . or Enter, or press ? or * to list all spells.
Aiming: Flame Tongue (safe; 4% risk of failure)
Press: ? - help, Shift-Dir - straight line The flame tongue hits the ogre.
The ogre is moderately wounded.
The ogre hits you with a +0 giant club!!
Ouch! That really hurt!
You die...

## #. #. #.##
##@# #.#O# ###
#.##..#.#
#..##.#.#
##########.###.#
#.....####.##..#
#.....##.......#
###
#.....#..#.....#
..##
##.....#.###.####


You could see an ogre.

Vanquished Creatures
  Crazy Yiuf (D:3)
  A bullfrog skeleton (D:2)
  A worker ant (D:4)
  Robin (D:3)
  A gnoll (D:1)
  A howler monkey skeleton (D:4)
  3 adders
  A worm (D:2)
  A dart slug (D:1)
  6 orcs
  2 giant cockroaches
  8 goblins
  9 hobgoblins
  4 jackals (D:3)
  6 bats
  3 frilled lizards
  5 kobolds
  6 rats
60 creatures vanquished.

Notes
Turn   | Place    | Note
-------+----------+-------------------------------------------
     0 | D:1      | Bronimir the Ogre Fire Elementalist began the quest for the
                  | Orb.
     0 | D:1      | Reached XP level 1. HP: 16/16 MP: 3/3
    19 | D:1      | Reached skill level 1 in Conjurations
   420 | D:1      | Reached XP level 2. HP: 24/24 MP: 5/5
   660 | D:1      | Reached XP level 3. HP: 31/31 MP: 7/7
  1042 | D:2      | Reached XP level 4. HP: 36/39 MP: 8/8
  1899 | D:3      | Noticed Robin
  2419 | D:3      | Killed Robin
  2879 | D:3      | Reached XP level 5. HP: 37/46 MP: 10/10
  3117 | D:3      | Found a runed translucent door.
  3118 | D:3      | Noticed Crazy Yiuf
  3264 | D:3      | Killed Crazy Yiuf
  3264 | D:3      | Reached skill level 1 in Fighting
  3427 | D:4      | Found a staircase to the Ecumenical Temple.
  3593 | Temple   | Entered the Ecumenical Temple
  3757 | Temple   | Became a worshipper of Warmaster Okawaru
  3790 | D:4      | Learned a level 2 spell: Throw Flame
  3794 | D:4      | Learned a level 3 spell: Conjure Flame
  3799 | D:4      | Learned a level 4 spell: Sticky Flame
  3820 | D:4      | Reached skill level 1 in Polearms
  3970 | D:4      | Noticed an ogre
  3972 | D:4      | Slain by an ogre

Levels and vault maps discovered:
D:1:      lightli_molten_gateway, layout_loops_corners
D:2:      layout_loops_ring
D:3:      layout_basic, uniq_crazy_yiuf_cottage, uniq_robin
D:4:      layout_rooms, marbit_many_paths, temple_fountains, first_ration
Temple:   roderic_octagonal_lattice_temple

Skill      XL: |  1  2  3  4  5 |
---------------+----------------+-----
Conjurations   | 1 2 |  2.1
Fire Magic     | 3 |  3.9
Spellcasting   | 3 |  3.8
Dodging        | 2 |  2.2
Fighting       | 1 |  1.2
Polearms       | 1 |  1.3
Staves         | |  0.1
Stealth        | |  1.4

Action                   |  1- 3 |  4- 6 || total
-------------------------+-------+-------++-------
Melee: Spear             |       |    94 ||    94
       Quarterstaff      |       |    10 ||    10
 Cast: Flame Tongue      |    41 |    24 ||    65
 Stab: Sleeping          |       |     1 ||     1
  Eat: Chunk             |       |     7 ||     7
       Ration            |       |     1 ||     1
Armor: Robe              |     8 |    26 ||    34
       Animal skin       |       |    15 ||    15
Dodge: Dodged            |    14 |    71 ||    85
